 Dungeon Crawl Stone Soup version 0.27-a0-1087-gf39c287674 (webtiles) character file.

Game seed: 10329502818473403602

1029 Murumi the Chucker (level 8, -5/78 HPs)
             Began as an Ogre Gladiator on Apr 27, 2021.
             Slain by a hornet (12 damage)
             ... while paralysed by a hornet
             ... on level 5 of the Dungeon.
             The game lasted 00:18:38 (7173 turns).

Murumi the Chucker (Ogre Gladiator)                 Turns: 7173, Time: 00:18:38

Health: -5/78      AC:  8    Str: 19    XL:     8   Next: 23%
Magic:  2/2        EV:  1    Int: 11    God:
Gold:   194        SH:  0    Dex: 10    Spells: 7/7 levels left

rFire    + . .     SeeInvis .   k - +2 flail (antimagic)
rCold    + . .     Faith    .   (no shield)
rNeg     . . .     Spirit   .   b - +0 robe
rPois    .         Reflect  .   c - +1 hat
rElec    .         Harm     .   n - scarf {rC+ rF+}
rCorr    .         Rampage  .   (gloves unavailable)
Will     .....                  (boots unavailable)
Stlth    ++........             (no amulet)
HPRegen  0.23/turn              t - +4 ring of protection
MPRegen  0.08/turn              (no ring)

@: paralysed, slowed
A: large, unfitting armour, tough skin 1
a: no special abilities


You were on level 5 of the Dungeon.
You visited 1 branch of the dungeon, and saw 5 of its levels.
You also visited: Ossuary.

You collected 194 gold pieces.

Inventory:

Hand Weapons
 a - a +0 giant spiked club
 k - a +2 antimagic flail (weapon)
Missiles
 e - 125 stones
 m - 8 boomerangs
 u - 3 poisoned darts (quivered)
Armour
 b - a +0 robe (worn)
 c - a +1 hat (worn)
 n - a scarf of resistance (worn)
Jewellery
 t - a +4 ring of protection (left hand)
Scrolls
 d - 3 scrolls of enchant armour
 j - 2 scrolls of teleportation
 o - 3 scrolls of amnesia
 p - a scroll of summoning
Potions
 g - 3 potions of haste
 h - 3 potions of heal wounds
 i - 2 potions of mutation
 l - a potion of ambrosia
 q - 3 potions of resistance {unknown}
 r - 2 potions of curing {unknown}
 s - a potion of attraction {unknown}


   Skills:
 - Level 4.0 Fighting
 - Level 5.0 Maces & Flails
 + Level 5.8 Throwing
 - Level 1.0 Armour
 - Level 3.0 Dodging
 - Level 4.0 Stealth


You had 7 spell levels left.
You didn't know any spells.
Your spell library was empty.

Dungeon Overview and Level Annotations

Branches:
Dungeon (5/15)            Ossuary (visited)
 Temple: D:4-7

Altars:
Gozag


Innate Abilities, Weirdness & Mutations

You are too large for most types of armour.
You have tough skin. (AC +1)


Message History

Aim: a hornet (lightly wounded, very poisoned, 46% to hit)
You throw a poisoned dart.
The poisoned dart closely misses the hornet.
The hornet stings you.
You feel as though you will be slow longer.
The hornet stings you!
You feel as though you will be slow longer.
Throw: 5 darts (poison)
Press: ? - help, Q - select action, (/) - cycle Shift-Dir - straight line, f/p - hornet
Aim: a hornet (lightly wounded, very poisoned, 46% to hit)
You throw a poisoned dart. The poisoned dart hits the hornet!
The hornet looks as sick as possible!
The hornet is lightly wounded.
The hornet stings you!
You suddenly lose the ability to move!
The hornet stings you.
You feel as though you will be slow longer.
The hornet stings you.
You feel as though you will be slow longer.
The hornet stings you!
* * * LOW HITPOINT WARNING * * *
You shrug off the repeated paralysis!
You can move again.
Unknown command.
Throw: throwing net
Press: ? - help, Q - select action, (/) - cycle Shift-Dir - straight line, f/p - hornet
Aim: a hornet (heavily wounded, extremely poisoned, 46% to hit)
You throw a throwing net.
The throwing net barely misses the hornet.
The hornet stings you.
* * * LOW HITPOINT WARNING * * *
You feel as though you will be slow longer.
The hornet closely misses you.
Throw: 4 darts (poison)
Press: ? - help, Q - select action, (/) - cycle Shift-Dir - straight line, f/p - hornet
Aim: a hornet (severely wounded, very poisoned, 46% to hit)
You throw a poisoned dart. The poisoned dart misses the hornet.
The hornet stings you!
* * * LOW HITPOINT WARNING * * *
You suddenly lose the ability to move!
The hornet stings you!
You die...

##.. .........#.#
###
....###########.#
#.. .....## #.#
#.# #<# #.# #.#
##.# #.# #.# #.#
#.# #.# ... #.
#.#
###.###.######
#.# #.....@....#
#.# #####y####.#
#.# #.
#.##########.# ..
#............#
###
##############


You could see a hornet (very poisoned).

Vanquished Creatures
  An orc warrior (D:3)
  2 ogres (D:4)
  A centaur (D:4)
  A scorpion (D:4)
  A water moccasin skeleton (D:5)
  4 centaur zombies (Ossuary)
  2 orc priests (D:3)
  A human zombie (Ossuary)
  Natasha (thrice) (D:3)
  An iguana (D:3)
  An orc wizard (D:3)
  An ogre zombie (Ossuary)
  7 mummies (Ossuary)
  2 adders (D:3)
  3 adder zombies (Ossuary)
  3 worms
  2 dart slugs (D:1)
  5 orcs
  4 ball pythons
  8 endoplasms
  A giant cockroach (D:4)
  8 goblins
  2 hobgoblins (D:2)
  7 kobolds
  3 quokkas
  3 bats
  3 frilled lizards
  2 gnoll zombies (Ossuary)
  A goblin zombie (Ossuary)
  7 hobgoblin zombies (Ossuary)
  6 kobold zombies (Ossuary)
  3 quokka zombies (Ossuary)
  4 rats
  2 rat zombies (Ossuary)
105 creatures vanquished.

Notes
Turn   | Place    | Note
-------+----------+-------------------------------------------
     0 | D:1      | Murumi the Ogre Gladiator began the quest for the Orb.
     0 | D:1      | Reached XP level 1. HP: 22/22 MP: 1/1
    51 | D:1      | Reached XP level 2. HP: 25/31 MP: 2/2
  1041 | D:2      | Reached XP level 3. HP: 33/36 MP: 3/3
  2126 | D:3      | Reached skill level 1 in Stealth
  2126 | D:3      | Reached XP level 4. HP: 28/45 MP: 4/4
  2669 | D:3      | Reached XP level 5. HP: 14/53 MP: 5/5
  2812 | D:3      | Noticed an orc warrior
  2984 | D:3      | Noticed Natasha
  3000 | D:3      | Killed Natasha
  3268 | D:3      | Noticed Natasha
  3280 | D:3      | Killed Natasha
  3745 | D:3      | Noticed Natasha
  3761 | D:3      | Killed Natasha
  3762 | D:3      | Reached XP level 6. HP: 6/61 MP: 6/6
  3996 | D:3      | Killed an orc warrior
  4594 | D:4      | Reached skill level 1 in Armour
  4594 | D:4      | Reached XP level 7. HP: 46/70 MP: 7/7
  5015 | D:4      | Reached skill level 5 in Throwing
  5576 | D:4      | Found an opulent altar of Gozag.
  5639 | D:5      | Entered Level 5 of the Dungeon
  5676 | D:5      | Found a sand-covered staircase.
  5693 | Ossuary  | Entered an ossuary
  6313 | Ossuary  | Reached XP level 8. HP: 73/78 MP: 2/8
  6330 | Ossuary  | Reached skill level 5 in Maces & Flails
  7164 | D:5      | Noticed a hornet
  7169 | D:5      | Paralysed by a hornet for 3 turns
  7173 | D:5      | Paralysed by a hornet for 3 turns
  7173 | D:5      | Slain by a hornet

Illustrated notes

Levels and vault maps discovered:
D:1:      amcnicky_arrival_feature_with_door, layout_loops_cross,
          corexii_leaking_fountain
D:2:      layout_basic
D:3:      layout_loops_cross, minmay_misc_feat_hallway, minmay_unequal,
          uniq_natasha
D:4:      layout_rooms, marbit_many_paths
D:5:      layout_loops_ring, enter_ossuary_1, serial_bayou_pond_a,
          uniq_blork_the_orc

Skill      XL: |  1  2  3  4  5  6  7  8 |
---------------+-------------------------+-----
Fighting       | 3 4 |  4.0
Maces & Flails | 3 4 5 |  5.0
Dodging        | 3 |  3.0
Throwing       | 3 4 5 |  5.8
Stealth        | 1 2 3 4 |  4.0
Armour         | 1 |  1.0

Action                   |  1- 3 |  4- 6 |  7- 9 || total
-------------------------+-------+-------+-------++-------
Melee: Flail             |    84 |   136 |   182 ||   402
Throw: Stone             |    47 |    31 |    84 ||   162
       Throwing net      |       |     3 |     1 ||     4
       Dart              |       |       |     6 ||     6
  Use: Scroll            |     4 |     6 |     9 ||    19
       Potion            |       |     5 |       ||     5
 Stab: Sleeping          |     1 |     4 |    15 ||    20
       Held in net/web   |       |     3 |       ||     3
Armor: Robe              |    12 |    26 |    49 ||    87
       Skin              |       |     8 |       ||     8
Dodge: Dodged            |    41 |    47 |    84 ||   172

Table legend: (Time is in decaauts)
 A = Elapsed time spent in this place.
 B = Non-inter-level travel time spent in this place.
 C = Inter-level travel time spent in this place.
 D = Time resting spent in this place.
 E = Time spent auto-exploring this place.
 F = Levels seen in this place.
 G = Mean time per level.
                   A        B        C        D        E       F      G
               +--------+--------+--------+--------+--------+-----+--------+
         Total |   7264 |   6942 |    322 |    544 |   5324 |   6 | 1210.7 |
       Dungeon |   6090 |   5768 |    322 |    541 |   4475 |   5 | 1218.0 |
       Ossuary |   1173 |   1173 |      0 |      2 |    849 |   1 | 1173.0 |
               +--------+--------+--------+--------+--------+-----+--------+

Top non-repeatable levels by time:
     D:3: 2313 daAuts
     D:2: 1388 daAuts
 Ossuary: 1173 daAuts
     D:4: 1096 daAuts
     D:1: 952 daAuts
     D:5: 339 daAuts
